[Event "*** Titled Tuesday Blitz"]
[Site "Chess.com"]
[Date "2020.05.05"]
[Round "6"]
[White "MikaelyanArman"]
[Black "Gergo85"]
[Result "1-0"]
[WhiteElo "2742"]
[BlackElo "2543"]
[TimeControl "180+1"]
[EndTime "11:08:34 PDT"]
[Termination "MikaelyanArman won by resignation"]

1. e4 c6 2. d4 d5 3. e5 c5 4.
c3 Nc6 5. f4 Nh6 6. Nf3 Bg4 7.
dxc5 e6 8. Be3 Nf5 9. Bf2 d4 10.
cxd4 Bxf3 11. Qxf3 Nfxd4 12. Qd1 Bxc5 13. Nc3 Qb6 14.
Rb1 Rd8 15. Bd3 Nf5 16. Bxc5 Qxc5 17. Qe2 O-O 18. g4 Nh4 19. Ne4 Qb4+ 20. Kf1 Nd4 21. Qf2 Ndf3 22. Nd6 Qxf4 23. Rd1 Qxe5 24. Nc4 Qf4 25.
Qg3 Qxg3 26. hxg3 Ng6 27. Kf2 Nd4 28. Be4 b6 29. Ne3 Nb5 30. Nc4 Rd4 31. Rxd4 Nxd4 32. Rd1 Rd8 33. a4 Kf8 34. Bxg6 hxg6 35. Ne5 Ke7 36.
Rxd4 Rxd4 37. Nc6+ Kd6 38. Nxd4 a6 39. Ke3 Kd5 40.
Kd3 f6 41. Ne2 g5 42. Nc3+ Kc5 43. Ne4+ Kb4 44. Nd6 Kxa4 45. Kc4 b5+ 46. Kc3 Ka5 47. Ne8 f5 48. Nxg7 Kb6 49. Nxe6 fxg4 50. Nxg5 a5 51. Ne4 b4+ 52. Kc4 Kc6 53. Nf6 Kd6 54. Nxg4 Ke6 55. Nf2 Kf5 56. b3 a4 57. bxa4 Ke5 58. Kxb4 Kd6 59.
g4 Kc7 60. a5 Kd7 61. g5 Kc7 62. g6 1-0

[Event "*** Titled Tuesday Blitz"]
[Site "Chess.com"]
[Date "2020.05.05"]
[Round "6"]
[White "MarcoRiehle"]
[Black "Bodnar_Mykola"]
[Result "1-0"]
[WhiteElo "2619"]
[BlackElo "2438"]
[TimeControl "180+1"]
[EndTime "11:08:34 PDT"]
[Termination "MarcoRiehle won on time"]

1. e4 e5 2. Nf3 Nc6 3. Bc4 Bc5 4. O-O d6 5. c3 Nf6 6. d4 Bb6 7. dxe5 Nxe5 8. Nxe5 dxe5 9. Qxd8+ Kxd8 10. Bg5 Ke7 11. Bh4 h6 12. Nd2 c6 13. Bg3 Bc7 14. Nf3 Nd7 15.
Rad1 g5 16. h4 f6 17. Nd2 Nc5 18. f3 b5 19. Be2 Ne6 20. hxg5 hxg5 21. Bf2 Nf4 22.
Rfe1 Bb6 23. Bf1 Be6 24. Nb3 Rh7 25. g3 Nh3+ 26. Bxh3 Rxh3 27. Kg2 Bxf2 28. Kxf2 Rh2+ 29. Ke3 Rxb2 30. Nc5 Rh8 31. Rh1 Rxh1 32. Rxh1 Kd6 33. Nb7+ Ke7 34. Rh7+ Kf8 35. Nc5 Bxa2 36. Nd7+ Ke8 37.
Nxf6+ Kd8 38. Rxa7 Bc4 39. f4 gxf4+ 40. gxf4 exf4+ 41. Kxf4 Rc2 42. Ke5 Rxc3 43. Kd6 Kc8 44. Rc7+ Kb8 45.
Nd7+ Ka8 46. Rxc6 Rd3+ 47. Kc7 Ka7 48. Nc5 Ra3 49. Nd7 Bf7 50. e5 b4 51. Nc5 b3 52.
Rb6 Ra5 53. Rb7+ Ka8 54. Nd7 1-0

[Event "*** Titled Tuesday Blitz"]
[Site "Chess.com"]
[Date "2020.05.05"]
[Round "6"]
[White "Arek_pacitan"]
[Black "Richarzard69"]
[Result "1-0"]
[WhiteElo "2560"]
[BlackElo "2323"]
[TimeControl "180+1"]
[EndTime "11:08:34 PDT"]
[Termination "Arek_pacitan won by checkmate"]

1. d4 d5 2. Nf3 Nf6 3. c4 c6 4. Nc3 dxc4 5. a4 Bf5 6. e3 e6 7. Bxc4 Bb4 8. O-O Nbd7 9. Qe2 Bg6 10. h3 O-O 11. Rd1 Qe7 12. Bd2 a5 13. Be1 Ne4 14. Nxe4 Bxe4 15. Nd2 Bg6 16. Bd3 e5 17. Bxg6 hxg6 18.
Nf3 e4 19. Nd2 Nf6 20. Nc4 Nd5 21. Ne5 Bd6 22. Nc4 Bc7 23. Nd2 Qd6 24. g3 Qe6 25. Kg2 f5 26. Nb3 Rae8 27. Nc5 Qc8 28. Qc2 g5 29. Ra3 f4 30. exf4 gxf4 31. Nxe4 fxg3 32. Ng5 Nf4+ 33. Kf1 g2+ 34. Kg1 g6 35. Rg3 Ne2+ 36. Kxg2 Rf5 37. Rg4 Nf4+ 38. Kf1 Kg7 39. Rg3 Ref8 40. d5 Nxd5 41. Rxd5 cxd5 42. Bc3+ Kg8 43.
Rg2 Be5 44. Qb3 Bxc3 45. bxc3 Rf4 46. Qxd5+ Kg7 47. Ne6+ Kf6 48. Nxf4 Kg7 49. Ne6+ Kh7 50.
Nxf8+ Qxf8 51. Qd7+ Kh6 52. Qg4 Qd6 53. Qg5+ Kg7 54.
Kg1 Qd1+ 55. Kh2 Qd6+ 56. Qg3 Qd1 57. Qxg6+ Kf8 58. Qf6+ Ke8 59. Rg8+ Kd7 60. Rd8+ Kc7 61. Rxd1 Kb8 62. Qd6+ Ka7 63. Rb1 b6 64. Qxb6+ Ka8 65.
Qb7# 1-0

[Event "*** Titled Tuesday Blitz"]
[Site "Chess.com"]
[Date "2020.05.05"]
[Round "6"]
[White "ntmh281"]
[Black "binbin239"]
[Result "1-0"]
[WhiteElo "2297"]
[BlackElo "2425"]
[TimeControl "180+1"]
[EndTime "11:08:34 PDT"]
[Termination "ntmh281 won by resignation"]

1. d4 Nf6 2. Nf3 g6 3. Bg5 Bg7 4. Nbd2 d5 5. e3 O-O 6. Bd3 c5 7. c3 Nc6 8. O-O Qb6 9. Rb1 Nd7 10. Qe2 e5 11. dxc5 Nxc5 12. Bc2 Ne6 13. Bh4 d4 14.
Nc4 Qc7 15. cxd4 exd4 16. Bg3 Qd8 17. Rfd1 Bd7 18. Nce5 Rc8 19. exd4 Nb4 20. Bb3 a6 21. a3 Bb5 22. Qe4 Nc6 23. a4 Bxa4 24. Bxa4 Nxe5 25. Bxe5 b5 26. Bb3 Re8 27. Bxg7 Nxg7 28. Qd5 Qc7 29. h3 Rcd8 30. Qg5 Nf5 31. Qf6 Rd6 32. Qg5 Kg7 33.
Rbc1 Qd7 34. Ne5 Qe7 35. Nxf7 Qxg5 36. Nxg5 Nxd4 37. Ba2 Ne2+ 38. Kf1 Nxc1 39. Rxd6 Nxa2 40. Rxa6 Nb4 41. Rb6 Nd3 42. Nf3 b4 43. b3 Rc8 44.
g3 Rc1+ 45. Ke2 Nc5 46. Rxb4 Rc2+ 47. Ke3 Rxf2 48. Kxf2 Nd3+ 49. Ke3 Nxb4 50. Kd4 Kf6 51. Kc4 Nc6 52. b4 Kf5 53. Nd4+ Nxd4 54. Kxd4 1-0

[Event "*** Titled Tuesday Blitz"]
[Site "Chess.com"]
[Date "2020.05.05"]
[Round "6"]
[White "OparinGrigoriy"]
[Black "Mikhail_Biryukov"]
[Result "1-0"]
[WhiteElo "2929"]
[BlackElo "2694"]
[TimeControl "180+1"]
[EndTime "11:08:35 PDT"]
[Termination "OparinGrigoriy won by resignation"]

1. Nf3 Nf6 2. g3 e6 3. Bg2 d5 4.
c4 dxc4 5. Qa4+ Nbd7 6. Qxc4 a6 7. Qc2 c5 8. Nc3 Be7 9. O-O O-O 10. d4 Rb8 11.
Rd1 b5 12. dxc5 Bxc5 13. Ng5 Qb6 14. Nce4 Nxe4 15. Nxe4 Be7 16. Be3 Qa5 17. a3 b4 18.
Nd6 b3 19. Qc4 Nf6 20. Rac1 h6 21. Nxc8 Rbxc8 22. Qxc8 Rxc8 23. Rxc8+ Kh7 24. Bd4 Qb5 25. Bf3 e5 26. Bc3 e4 27. Bg2 Qxe2 28. Re1 Qb5 29.
Rc7 Bd6 30. Rxf7 Be5 31. Re3 Bxc3 32. Rxc3 Qd5 33. Rcc7 Ne8 34. Rce7 Nd6 35. Rxg7+ Kh8 36. Rh7+ Kg8 37. h4 Qd1+ 38. Kh2 Qd2 39. Reg7+ Kf8 40. Rd7 Ke8 41. Ra7 Kd8 42. Ra8+ Nc8 43. Rh8+ Kd7 44. Raxc8 Qxb2 45. Rhd8+ Ke7 46. Re8+ Kf7 47. Rxe4 Qxa3 48. Rb8 a5 49. Re3 a4 50. Bd5+ Kf6 51. Bxb3 axb3 52. Rbxb3 Qa2 53. Rf3+ Kg6 54. Rbe3 Qc2 55. Re6+ Kh5 56.
Re5+ Kg6 57. h5+ Kg7 58. Rf4 Qc7 59. Ref5 Qc3 60. Rf7+ Kg8 61. Rf8+ 1-0

[Event "*** Titled Tuesday Blitz"]
[Site "Chess.com"]
[Date "2020.05.05"]
[Round "6"]
[White "AvitalBor"]
[Black "Szczor"]
[Result "1-0"]
[WhiteElo "2829"]
[BlackElo "2650"]
[TimeControl "180+1"]
[EndTime "11:08:35 PDT"]
[Termination "AvitalBor won by checkmate"]

1. Nf3 Nf6 2. g3 e6 3. Bg2 d5 4. O-O Be7 5. d4 O-O 6. b3 b6 7. Bb2 Bb7 8. c4 Nbd7 9. e3 c5 10. Nc3 Rc8 11. cxd5 Nxd5 12. Rc1 Nxc3 13. Bxc3 Nf6 14. Bb2 cxd4 15. Rxc8 Qxc8 16. Nxd4 Rd8 17. Qe2 Ba6 18. Nb5 Qc5 19. a4 Qb4 20. Qc4 Qxc4 21.
bxc4 Rd2 22. Bd4 Ra2 23. Ra1 Rxa1+ 24. Bxa1 Nd7 25. Bc6 Nc5 26. Bd4 Bxb5 27. axb5 Bf6 28. Kg2 Kf8 29. Kf3 Ke7 30. Ke2 Kd6 31. f4 e5 32. fxe5+ Bxe5 33. Bd5 f5 34. Kf3 g6 35. Bg8 Bxd4 36. exd4 Ne6 37. Bxe6 Kxe6 38. g4 fxg4+ 39. Kxg4 h6 40. Kf4 Kd6 41. d5 Kd7 42. Ke5 Ke7 43.
h3 h5 44. Ke4 Kf6 45. Kf4 g5+ 46. Ke4 Ke7 47. Kf5 g4 48. hxg4 hxg4 49. Kxg4 Kd6 50. Kf5 Kd7 51. Ke5 Ke7 52. d6+ Kd7 53. Kd5 Kd8 54. Kc6 Kc8 55. d7+ Kd8 56. Kd6 a5 57.
bxa6 b5 58. a7 bxc4 59. a8=R# 1-0

[Event "*** Titled Tuesday Blitz"]
[Site "Chess.com"]
[Date "2020.05.05"]
[Round "6"]
[White "Gareth-Bale11"]
[Black "MPGM"]
[Result "1/2-1/2"]
[WhiteElo "2743"]
[BlackElo "2519"]
[TimeControl "180+1"]
[EndTime "11:08:35 PDT"]
[Termination "Game drawn - insufficient material"]

1. d4 d5 2. c4 e6 3. Nf3 c6 4. e3 f5 5. Bd3 Nf6 6. b3 Bd6 7.
Bb2 O-O 8. Qc1 b6 9. Ba3 Bb7 10. O-O Ne4 11. Bxd6 Qxd6 12. Qa3 Qxa3 13. Nxa3 Nd7 14.
Rfc1 Rac8 15. Nc2 c5 16. dxc5 bxc5 17. cxd5 exd5 18. Na3 a6 19. Rc2 Rfd8 20. Rac1 h6 21. Nb1 Kf7 22. Nc3 Kf6 23. Na4 Bc6 24. Nc3 g5 25.
Nd2 a5 26. Ndxe4+ fxe4 27. Ba6 Rb8 28. Rd2 Ke5 29. Bf1 Nf6 30. Ne2 a4 31. Rxc5 Be8 32.
bxa4 Bxa4 33. Nc3 Be8 34. f3 exf3 35. gxf3 Rbc8 36. Rxc8 Rxc8 37. Ne2 Bb5 38. Kf2 Bxe2 39. Bxe2 Rc1 40. a4 Ra1 41. Bb5 g4 42. Rc2 gxf3 43. Kxf3 Ne4 44. Rc8 Ra2 45. h4 h5 46.
Re8+ Kf6 47. Rxe4 dxe4+ 48. Kxe4 Rg2 49. a5 Ra2 50. a6 Ra5 51. Bc4 Ra4 52. Kd5 Ra5+ 53.
Kc6 Ra4 54. Bb5 Ra3 55. e4 Ke5 56. Kb7 Kxe4 57. a7 Rxa7+ 58. Kxa7 Kf4 59. Be2 Kg3 60. Bxh5 Kxh4 1/2-1/2

[Event "*** Titled Tuesday Blitz"]
[Site "Chess.com"]
[Date "2020.05.05"]
[Round "6"]
[White "PavelChernomordik"]
[Black "vladimirdamjanovic"]
[Result "0-1"]
[WhiteElo "2420"]
[BlackElo "2608"]
[TimeControl "180+1"]
[EndTime "11:08:36 PDT"]
[Termination "vladimirdamjanovic won on time"]

1. e4 c6 2. Nc3 d5 3. Nf3 Bg4 4.
h3 Bxf3 5. Qxf3 Nf6 6. d3 e6 7.
Qg3 Nbd7 8. Be2 d4 9. Nb1 Qa5+ 10. Nd2 Be7 11. O-O h5 12. h4 Ng4 13. Nc4 Qc5 14.
b4 Qb5 15. a4 Qa6 16. Nd6+ Bxd6 17. Qxd6 O-O-O 18. Qxd4 Nde5 19. Qc3 Kb8 20. b5 Qb6 21. Bf4 f6 22. Bxg4 hxg4 23. Bxe5+ fxe5 24. Qxe5+ Ka8 25. g3 Rdg8 26. bxc6 Qxc6 27. c4 Rh7 28. Qg5 Qd6 29.
Qxg4 g5 30. hxg5 Rgh8 31. Kg2 Rh2+ 32. Kf3 Qxd3+ 33. Kf4 Qd6+ 34. Ke3 Qc5+ 35. Ke2 Qxc4+ 36. Ke3 Qc3+ 37. Ke2 Qc2+ 38. Ke3 Qc3+ 39. Ke2 Rd8 40. Rfd1 Rf8 41. Rf1 Rd8 42. Rad1 Qc2+ 43. Ke3 Qc5+ 44. Ke2 Rf8 45. Qf4 Rxf4 46. gxf4 Qc4+ 47. Ke3 Rh3+ 48. f3 Qc5+ 49. Ke2 Rh2+ 50. Kd3 Qc2+ 0-1

[Event "*** Titled Tuesday Blitz"]
[Site "Chess.com"]
[Date "2020.05.05"]
[Round "6"]
[White "Bastiandash"]
[Black "Camels1981"]
[Result "1/2-1/2"]
[WhiteElo "2098"]
[BlackElo "2236"]
[TimeControl "180+1"]
[EndTime "11:08:38 PDT"]
[Termination "Game drawn by repetition"]

1. d4 Nf6 2. Nf3 g6 3. c3 Bg7 4. Bg5 O-O 5. Nbd2 d6 6. e4 c5 7. dxc5 dxc5 8. Bc4 Nc6 9. O-O Qc7 10. Qc2 h6 11.
Bh4 b6 12. Rfe1 Bb7 13. a4 Rad8 14. Bf1 Na5 15. Nc4 Nxc4 16. Bxc4 Rfe8 17. e5 Nd5 18. Rad1 Nf4 19. Rxd8 Rxd8 20. Bg3 Qd7 21. Bxf4 Qg4 22. Bg3 Qxc4 23. e6 f5 24. Be5 Be4 25. Qc1 Qxe6 26.
Bxg7 Kxg7 27. Nd2 Qd5 28. Nxe4 fxe4 29. Qf4 Qf5 30. Qe3 Rd3 31. Qe2 Qd5 32. h3 Rd2 33. Qxe4 Qxe4 34. Rxe4 Kf6 35. b4 cxb4 36. cxb4 Ra2 37.
b5 e5 38. f3 Kf5 39. Kh2 Rd2 40. Kg3 Rd4 41. Rxd4 exd4 42. Kf2 Kf4 43. g3+ Ke5 44.
Ke2 g5 45. Kd3 Kd5 46. h4 gxh4 47. gxh4 h5 48. f4 Kc5 49. f5 Kd5 50. f6 Ke6 51.
Kxd4 Kxf6 52. Ke4 Ke6 53. Kf4 Kf6 54. Ke4 Ke6 55. Kf4 Kf6 56. Ke4 1/2-1/2

[Event "*** Titled Tuesday Blitz"]
[Site "Chess.com"]
[Date "2020.05.05"]
[Round "6"]
[White "ama18"]
[Black "XiaoKangZhong"]
[Result "1-0"]
[WhiteElo "2498"]
[BlackElo "2313"]
[TimeControl "180+1"]
[EndTime "11:08:39 PDT"]
[Termination "ama18 won by resignation"]

1. e4 c6 2. Nc3 d5 3. Nf3 dxe4 4. Nxe4 Nf6 5. Qe2 Nxe4 6. Qxe4 Qd5 7. Qh4 Qe6+ 8. Be2 Qg4 9. Qxg4 Bxg4 10. d4 Nd7 11.
h3 Bf5 12. c3 h6 13. O-O Nf6 14. b3 e6 15. Ne5 Bd6 16. Bb2 Nd7 17. Nc4 Bc7 18.
Ba3 Nf6 19. Rac1 O-O-O 20. Ne5 Bxe5 21. dxe5 Nd5 22. Rfd1 h5 23. Rd4 h4 24. c4 Nc7 25.
Rcd1 Rxd4 26. Rxd4 Bb1 27. Bd1 Bxa2 28. Bc2 a5 29.
Be7 b5 30. Bxh4 c5 31. Rf4 a4 32. bxa4 b4 33. Be7 b3 34. Be4 b2 35. Bxc5 b1=Q+ 36. Bxb1 Bxb1 37. Rxf7 Bd3 38. Bb6 Na8 39. c5 Nxb6 40.
cxb6 g6 41. a5 Rd8 42. Ra7 Kb8 43. a6 Rd5 44. Rb7+ Kc8 45. Rc7+ Kb8 46. a7+ Ka8 47. Rc8+ Kb7 48. a8=Q+ Kxb6 49. Qc6+ Ka5 50. Ra8+ Kb4 51. Qb6+ Kc3 52. Qd6 Bb5 53. Qc7+ Kd3 54. Rb8 Kd4 55. Rxb5 Rxb5 56. Qd6+ Rd5 57. Qxe6 Rxe5 58. Qxg6 Re1+ 59. Kh2 Re5 60. Qf6 Kd5 61. Qxe5+ Kxe5 62. h4 1-0

[Event "*** Titled Tuesday Blitz"]
[Site "Chess.com"]
[Date "2020.05.05"]
[Round "6"]
[White "Gyapiking"]
[Black "Sjakkerntobi"]
[Result "1-0"]
[WhiteElo "2467"]
[BlackElo "2243"]
[TimeControl "180+1"]
[EndTime "11:08:39 PDT"]
[Termination "Gyapiking won by checkmate"]

1. d4 Nf6 2. Nf3 e6 3. e3 c5 4.
Bd3 d5 5. b3 Be7 6. O-O O-O 7.
Bb2 b6 8. Nbd2 Ba6 9. c4 Nc6 10.
Ne5 Nb4 11. Bb1 dxc4 12. bxc4 Rc8 13. Qf3 cxd4 14. exd4 Qe8 15. Qh3 h6 16. Re1 Qd8 17. a3 Nc6 18. d5 Nxe5 19. Bxe5 exd5 20. Qf5 g6 21. Qh3 Kg7 22. Nf3 Rxc4 23. Nd4 Bc8 24. Qg3 Kh7 25. h4 Bc5 26. Nc6 Bxf2+ 27. Qxf2 Rxc6 28.
Bd3 Ng4 29. Qg3 Nxe5 30. Rxe5 Qf6 31. Rae1 Kg7 32. h5 g5 33. Bb1 Re6 34. Qd3 Rh8 35.
Qxd5 Rxe5 36. Rxe5 Be6 37. Qe4 Qe7 38. Ba2 Qxa3 39.
Bxe6 fxe6 40. Rxe6 Qc1+ 41. Kf2 Qf4+ 42. Qxf4 gxf4 43.
Re7+ Kf6 44. Rxa7 Rb8 45. Kf3 Kg5 46. Rg7+ Kxh5 47. Kxf4 Rf8+ 48. Kg3 b5 49. Kh3 Rf4 50. g4+ Rxg4 51. Rxg4 b4 52. Rxb4 Kg5 53. Rb5+ Kg6 54.
Kg4 Kg7 55. Kh5 Kh8 56. Rb7 Kg8 57. Kxh6 Kf8 58. Kg6 Ke8 59. Kf6 Kd8 60. Rh7 Kc8 61. Ke6 Kd8 62. Rg7 Kc8 63. Kd6 Kb8 64. Kc6 Kc8 65.
Rg8# 1-0

[Event "*** Titled Tuesday Blitz"]
[Site "Chess.com"]
[Date "2020.05.05"]
[Round "6"]
[White "dolynachess"]
[Black "IMinTheWings"]
[Result "1-0"]
[WhiteElo "2400"]
[BlackElo "2190"]
[TimeControl "180+1"]
[EndTime "11:08:39 PDT"]
[Termination "dolynachess won on time"]

1. Nf3 c5 2. c4 Nc6 3. g3 g6 4.
Bg2 Bg7 5. O-O e6 6. e4 Nge7 7. Nc3 O-O 8. Re1 d6 9. d3 a6 10. Be3 h6 11. d4 cxd4 12. Nxd4 Rb8 13. Qd2 Kh7 14. Nxc6 Nxc6 15. Rad1 Ne5 16. b3 Qa5 17. Bd4 Rd8 18. f4 Nc6 19. Bxg7 Kxg7 20. Qb2 Kh7 21. h3 b5 22. cxb5 axb5 23. Kh2 Ne7 24. Rd2 Rb7 25. Red1 Rbd7 26. Ne2 Bb7 27. Qf6 Ng8 28. Qc3 Qxc3 29. Nxc3 Bc6 30. e5 d5 31. Ne2 Ne7 32. Nd4 Ra7 33.
Rc1 Be8 34. Bf1 Rda8 35. Rcc2 Nf5 36. Nxf5 gxf5 37. Kg2 Kg6 38. Kf2 h5 39. Ke3 b4 40.
Kd4 Ra5 41. Bd3 Kg7 42. Rg2 Kf8 43. Rgf2 Bd7 44. Rfd2 Ke7 45. Rg2 Rh8 46. Rgd2 h4 47.
g4 fxg4 48. hxg4 h3 49. Rh2 Rha8 50. f5 Ke8 51. f6 Kd8 52. Rxh3 Rxa2 53. Rh8+ Be8 54.
Rxa2 Rxa2 55. Bb5 Rd2+ 56. Kc5 Rc2+ 57. Kd6 Rc6+ 58. Bxc6 1-0

[Event "*** Titled Tuesday Blitz"]
[Site "Chess.com"]
[Date "2020.05.05"]
[Round "6"]
[White "norwaytoadog"]
[Black "Kopytkin"]
[Result "1-0"]
[WhiteElo "2183"]
[BlackElo "2331"]
[TimeControl "180+1"]
[EndTime "11:08:39 PDT"]
[Termination "norwaytoadog won on time"]

1. e4 c6 2. d4 d5 3. e5 c5 4. c3 Nc6 5. Be2 cxd4 6. cxd4 Qb6 7. Nc3 e6 8. Nf3 Nh6 9. Bxh6 gxh6 10. Qd2 Bd7 11.
O-O a6 12. Rab1 Qa7 13. Qf4 Bg7 14. Nd1 O-O 15. Ne3 f6 16. exf6 Rxf6 17. Qd6 Rf7 18. Ne5 Nxe5 19. dxe5 Qb8 20. Qxb8+ Rxb8 21. f4 Rff8 22.
Rbc1 Rbc8 23. Bg4 Rxc1 24. Rxc1 Rxf4 25. Rc7 Bxe5 26. Rxd7 Bd4 27. Bxe6+ Kf8 28. g3 Bxe3+ 29.
Kg2 Rf2+ 30. Kh3 d4 31. b4 Rb2 32. Bf5 Rxb4 33. Bxh7 Rb2 34. Be4 b5 35. Kg4 Rxh2 36. Kf5 h5 37. Ke6 h4 38. Rf7+ Kg8 39. g4 Rf2 40.
Bf5 h3 41. Rh7 h2 42. Rh5 Bf4 43. Kd5 Be3 44. Ke4 b4 45. Rh3 a5 46. Rh5 a4 47.
g5 b3 48. axb3 a3 49. g6 a2 50. Be6+ Kg7 51. Bf5 a1=Q 52. Rh7+ 1-0

[Event "*** Titled Tuesday Blitz"]
[Site "Chess.com"]
[Date "2020.05.05"]
[Round "6"]
[White "1f3_2g41-0"]
[Black "JessPinkman"]
[Result "0-1"]
[WhiteElo "2291"]
[BlackElo "2457"]
[TimeControl "180+1"]
[EndTime "11:08:40 PDT"]
[Termination "JessPinkman won by checkmate"]

1. e4 c5 2. Nf3 d6 3. d4 cxd4 4. Nxd4 Nf6 5. Nc3 a6 6. h3 e5 7.
Nde2 h5 8. g3 Be7 9. Bg2 O-O 10.
a4 Nc6 11. Be3 Nb4 12. O-O Be6 13. Nd5 Nbxd5 14. exd5 Bf5 15. c3 Rc8 16. Qb3 Qd7 17. Kh2 Be4 18. Rfd1 Bxg2 19. Kxg2 Ne4 20. Qc2 f5 21. f3 Nf6 22. f4 h4 23. gxh4 Nh5 24.
Ng3 Nxg3 25. Kxg3 Qd8 26. Kh2 Bxh4 27. Rg1 Qf6 28. Rg2 Rc4 29. Rag1 Rf7 30. fxe5 Qxe5+ 31. Kh1 Qxe3 32. Qd1 Qxh3+ 33. Rh2 Qe3 34. Qh5 Qe4+ 35.
Rhg2 Bf6 36. Qg6 Qh4+ 37. Rh2 Qe4+ 38. Rgg2 Qe1+ 39. Rg1 Qe4+ 40. Rgg2 Kf8 41. Rh8+ Ke7 42. Rh2 Rf8 43. Rh7 Kd7 44. Rxg7+ Bxg7 45. Qxg7+ Qe7 46. Qh6 Rh4+ 47. Rh2 Rxh6 48. Rxh6 Qe4+ 49. Kg1 Qe3+ 50.
Kg2 Qe4+ 51. Kf2 Qg4 52. Rh7+ Kc8 53. Re7 Qf4+ 54. Ke2 Qg4+ 55. Kd3 f4 56. Re6 f3 57. Re4 Qg2 58. Rc4+ Kb8 59. Rd4 f2 60. Rc4 f1=Q+ 61. Kd4 Qg4+ 62. Ke3 Qgf3+ 63. Kd2 Q1d1# 0-1

[Event "*** Titled Tuesday Blitz"]
[Site "Chess.com"]
[Date "2020.05.05"]
[Round "6"]
[White "wild_cat99"]
[Black "KNVB"]
[Result "0-1"]
[WhiteElo "2568"]
[BlackElo "2765"]
[TimeControl "180+1"]
[EndTime "11:08:41 PDT"]
[Termination "KNVB won on time"]

1. Nf3 b6 2. e3 Bb7 3. c4 e6 4. b3 c5 5. Bb2 Nf6 6. Nc3 d6 7. Be2 Be7 8. O-O O-O 9. d4 a6 10. Qc2 Nbd7 11. Rfd1 Qc7 12. Rac1 Rac8 13. d5 exd5 14. cxd5 b5 15. e4 Ng4 16. h3 Nge5 17.
Nxe5 Nxe5 18. f4 Nd7 19. Bg4 Rcd8 20. Ne2 Bf6 21. Bxd7 Bxb2 22. Qxb2 Qxd7 23. Rd3 Qe7 24. Rg3 f5 25. e5 dxe5 26. fxe5 Rxd5 27. e6 f4 28. Rg4 Rg5 29. Qd2 Rxg4 30. hxg4 Qxe6 31.
Nxf4 Qxg4 32. Nd5 Kh8 33. Rxc5 Rd8 34. a4 bxa4 35. bxa4 Qxa4 36. Qc1 Qd4+ 37. Ne3 Re8 38. Rc3 h6 39. Rb3 Qe4 40. Qd2 Ba8 41. Rd3 Kh7 42. Nf1 Re6 43. Re3 Qg6 44. Rxe6 Qxe6 45. Qc2+ Qe4 46.
Qxe4+ Bxe4 47. Ne3 a5 48. Nc4 a4 49. Kf2 Bd3 50. Na3 g5 51. Ke3 Ba6 52. Nc2 Bc8 53.
g3 Kg6 54. Kd4 Bf5 55. Ne3 a3 56. Kc3 Be6 57. Nc2 a2 58. Kb2 h5 59. Nd4 Bd5 60. Ne2 Kf5 61. Nd4+ Kg4 0-1

[Event "*** Titled Tuesday Blitz"]
[Site "Chess.com"]
[Date "2020.05.05"]
[Round "6"]
[White "joksijoksi"]
[Black "LamaChampetre"]
[Result "1-0"]
[WhiteElo "2326"]
[BlackElo "2153"]
[TimeControl "180+1"]
[EndTime "11:08:41 PDT"]
[Termination "joksijoksi won by checkmate"]

1. d4 Nf6 2. c4 g6 3. Nc3 d5 4.
cxd5 Nxd5 5. e4 Nxc3 6. bxc3 Bg7 7. Bc4 c5 8. Ne2 O-O 9. Be3 Nc6 10. h4 cxd4 11.
cxd4 Qa5+ 12. Kf1 Bg4 13. f3 Bc8 14. h5 Qa3 15. Kf2 Rd8 16. hxg6 hxg6 17. d5 Ne5 18. Bb3 b6 19. Qd2 Ba6 20. Bh6 Nd3+ 21. Kf1 Bxa1 22. g3 Rac8 23. Kg2 Bf6 24. g4 Qb2 25. Qe3 Nf4+ 26. Qxf4 Qxe2+ 27. Kg3 Qb2 28. d6 Qe5 29. dxe7 Qxf4+ 30. Bxf4 Re8 31. Rh6 Rxe7 32.
Rxg6+ Bg7 33. Bg5 Rec7 34. Bf6 Kh7 35. Rxg7+ Kh8 36. Rxf7+ Kg8 37. Rxc7+ Kf8 38. Bg7+ Ke8 39. Rxc8+ Bxc8 40. Be5 a5 41. Ba4+ Bd7 42. Bxd7+ Kxd7 43. Kf4 b5 44. g5 b4 45. g6 Ke8 46. Kf5 Kf8 47. Kf6 Kg8 48. Bd6 a4 49. Bxb4 a3 50.
e5 Kh8 51. e6 Kg8 52. e7 Kh8 53. e8=Q# 1-0

[Event "*** Titled Tuesday Blitz"]
[Site "Chess.com"]
[Date "2020.05.05"]
[Round "6"]
[White "1random"]
[Black "alexsergeyev"]
[Result "1-0"]
[WhiteElo "2529"]
[BlackElo "2382"]
[TimeControl "180+1"]
[EndTime "11:08:42 PDT"]
[Termination "1random won on time"]

1. e4 e5 2. Nf3 Nf6 3. Nc3 Bb4 4. Nxe5 O-O 5. Nd3 Bxc3 6. dxc3 Nxe4 7. Be2 Nc6 8. O-O Re8 9. Be3 d6 10. Bf3 Bf5 11.
Re1 h6 12. Nf4 Qd7 13. Nh5 Ng5 14. Bxg5 hxg5 15. Bxc6 Qxc6 16. Qd4 f6 17. Nxf6+ gxf6 18.
Qxf6 Qd7 19. Qxg5+ Kf7 20. Qh5+ Kg7 21. Re3 Rxe3 22.
fxe3 Re8 23. Rf1 Bg6 24. Qh4 Qe6 25. Qd4+ Qe5 26. Qxa7 Qxe3+ 27. Qxe3 Rxe3 28. Kf2 Re5 29. Rc1 Be4 30. g3 Rf5+ 31. Ke3 d5 32. c4 Kf6 33.
cxd5 Bxd5 34. c4 Bc6 35. b4 Ke5 36. b5 Rf3+ 37. Ke2 Be4 38. a4 Ra3 39. Rb1 Rxa4 40. Rc1 Ra2+ 41. Ke3 Ra3+ 42. Kf2 Kd4 43. g4 Rf3+ 44.
Kg1 Rf4 45. h3 Ke3 46. Kh2 Bd3 47. Kg3 1-0

[Event "*** Titled Tuesday Blitz"]
[Site "Chess.com"]
[Date "2020.05.05"]
[Round "6"]
[White "2nd_life"]
[Black "ItsCheckM8Mate"]
[Result "1/2-1/2"]
[WhiteElo "2417"]
[BlackElo "2273"]
[TimeControl "180+1"]
[EndTime "11:08:42 PDT"]
[Termination "Game drawn by repetition"]

1. e4 e5 2. f4 exf4 3. Nf3 d5 4. exd5 Nf6 5. Nc3 Nxd5 6. Nxd5 Qxd5 7. d4 Bb4+ 8. c3 Bd6 9. c4 Qe6+ 10. Kf2 b6 11. Bd3 O-O 12. Bxh7+ Kh8 13. Re1 Qh6 14. Be4 c6 15.
Kg1 Be6 16. d5 cxd5 17. Bxd5 Bxd5 18. Qxd5 Nd7 19. Rd1 Bc5+ 20. Kh1 Nf6 21. Qf5 Be3 22.
Ne5 Kg8 23. Nd7 Nxd7 24. Rxd7 Rad8 25. Bxe3 Rxd7 26. Qxd7 fxe3 27. Re1 Qf6 28. Qd3 Re8 29. Rxe3 Rxe3 30. Qxe3 Qxb2 31. Qe8+ Kh7 32. h3 Qc1+ 33. Kh2 Qxc4 34. Qe5 g6 35. a3 Qe6 36. Qc7 a5 37. a4 Kg7 38. h4 Qf6 39. g3 Qf2+ 40. Kh3 Qf5+ 41. Kh2 Qe6 42. Qc3+ Kh7 43. Qc7 Qa2+ 44. Kh3 Qe6+ 45. Kh2 Kh6 46. Kg2 Qe4+ 47. Kh2 Qe6 48. Kg2 f5 49. Kh2 Qe2+ 50. Kh3 Qg4+ 51. Kh2 Qxa4 52. Qxb6 Qc2+ 53. Kh3 a4 54. Qe3+ Kg7 55. Qe7+ Kh6 56. Qf8+ Kh7 57. Qf7+ Kh6 58. Qf8+ Kh7 59. Qf7+ Kh6 60. Qf8+ 1/2-1/2

[Event "*** Titled Tuesday Blitz"]
[Site "Chess.com"]
[Date "2020.05.05"]
[Round "6"]
[White "IMTominho"]
[Black "KoustavChatterjee1"]
[Result "1-0"]
[WhiteElo "2791"]
[BlackElo "2590"]
[TimeControl "180+1"]
[EndTime "11:08:43 PDT"]
[Termination "IMTominho won by resignation"]

1. d4 Nf6 2. c4 e6 3. Nf3 d5 4. Nc3 dxc4 5. e4 b5 6. e5 Nd5 7.
Nxb5 Nb6 8. Be2 Be7 9. O-O Nc6 10. Be3 O-O 11. Rc1 Rb8 12. Nc3 Nb4 13. Ne4 N4d5 14. Nfd2 Ba6 15. Qc2 Nxe3 16. fxe3 Nd5 17. Rf3 Nxe3 18.
Rxe3 Qxd4 19. Qc3 Qxc3 20. Rexc3 Rxb2 21. Bxc4 Bb7 22. Rb3 Rxb3 23. axb3 Rd8 24. Kf2 Bb4 25. Rc2 Kf8 26. g3 Ke7 27. Ke3 f5 28. exf6+ gxf6 29. Nf3 Ba5 30. Nf2 Bb6+ 31. Ke2 e5 32. Nh4 Bc8 33.
Ne4 f5 34. Nc3 c6 35. Nd1 f4 36. Nf2 Rf8 37. Ne4 Bg4+ 38. Ke1 Rd8 39. Be2 Ba5+ 40.
Kf2 Bb6+ 41. Kg2 Be6 42. Bc4 Bg4 43. Nf3 fxg3 44. hxg3 Bd4 45. Nxd4 exd4 46. Bd3 Rb8 47. Bc4 Bf5 48. Re2 Kd7 49. Kf3 Bg6 50. Kf4 Rf8+ 51. Kg4 Bf5+ 52. Kg5 Bg6 53. Nf6+ Kd6 54. Re6+ Kc7 55. Ne4 Rf5+ 56. Kh6 Rf3 57. g4 Re3 58. Nc5 Rh3+ 59. Kg7 Kb6 60. Nd7+ Kc7 61. Ne5 d3 62. Rxc6+ Kb7 63. Rd6 Be4 64. Bxd3 Kc7 65. Rd7+ 1-0

[Event "*** Titled Tuesday Blitz"]
[Site "Chess.com"]
[Date "2020.05.05"]
[Round "6"]
[White "Firegrizzly"]
[Black "Sanan_Sjugirov"]
[Result "1/2-1/2"]
[WhiteElo "2672"]
[BlackElo "2853"]
[TimeControl "180+1"]
[EndTime "11:08:44 PDT"]
[Termination "Game drawn by agreement"]

1. e4 c5 2. Nf3 d6 3. Bb5+ Bd7 4. c4 Nf6 5. Nc3 g6 6. d4 cxd4 7. Nxd4 Bg7 8. Be3 O-O 9. f3 a6 10. Bxd7 Qxd7 11. O-O Nc6 12. Rc1 Nxd4 13. Bxd4 b5 14.
c5 dxc5 15. Bxc5 Qb7 16. Qb3 Rac8 17. Bf2 Nd7 18. Nd5 Ne5 19. Qa3 Bf6 20. Nxf6+ exf6 21. Qe3 Rfd8 22. b3 Nd3 23. Rxc8 Qxc8 24. Rd1 Nb4 25.
Rxd8+ Qxd8 26. Qe2 Kg7 27. h4 h5 28. Bc5 Nc6 29.
a3 Ne5 30. Be3 Qd6 31. a4 Qb4 32. axb5 axb5 33. Qd1 Qa3 34. Qd5 Qa1+ 35. Kh2 Qe1 36. Bd4 Qxh4+ 37. Kg1 Qe1+ 38. Kh2 Qh4+ 39. Kg1 Qg5 40. Kf1 h4 41. Qxb5 Qc1+ 42. Ke2 Qc2+ 43. Ke3 Qc1+ 44. Ke2 Qc2+ 45. Ke3 Qxg2 46. Bxe5 fxe5 47. Qxe5+ Kh7 48. Qf6 Qg1+ 49. Ke2 Qg2+ 50. Ke3 Qg1+ 51. Ke2 Qh2+ 52. Ke3 Kg8 53. e5 Qg1+ 54.
Ke2 Qg2+ 55. Ke3 h3 56. e6 Qg1+ 57. Ke2 Qh2+ 58. Ke3 Qg1+ 59. Ke2 Qg2+ 60. Ke3 fxe6 61. Qxe6+ Kg7 62. Qe7+ Kg8 63. Qd8+ Kg7 64. Qe7+ 1/2-1/2